 Dungeon Crawl Stone Soup version 0.21-a0-521-g1cd18d1 (webtiles) character file.

9 Zenonira the Charmwright (level 2, -2/26 HPs)
             Began as a Naga Skald on Dec 6, 2017.
             Slain by a kobold
             ... wielding a +0 dagger
              (4 damage)
             ... on level 1 of the Dungeon.
             The game lasted 00:00:36 (268 turns).

Zenonira the Charmwright (Naga Skald)                Turns: 268, Time: 00:00:37

Health: -2/26      AC:  2    Str: 13    XL:     2   Next: 16%
Magic:  5/5        EV:  9    Int: 13    God:
Gold:   0          SH:  0    Dex: 10    Spells: 4/5 levels left

rFire    . . .     SeeInvis +   a - +0 mace
rCold    . . .     Gourm    .   (no shield)
rNeg     . . .     Faith    .   b - +0 leather armour
rPois    +         Spirit   .   (no helmet)
rElec    .         Reflect  .   (no cloak)
rCorr    .         Harm     .   (no gloves)
MR       .....                  (no barding)
Stlth    ++........             (no amulet)
HPRegen  0.08/turn              (no ring)
MPRegen  0.09/turn              (no ring)

@: short of breath, very slow
A: large, see invisible, deformed body, poison resistance, slowness 2, slow
metabolism 1, spit poison 1, AC +0
a: Spit Poison


You were on level 1 of the Dungeon.
You were not hungry.

You visited 1 branch of the dungeon, and saw 1 of its levels.

Inventory:

Hand Weapons
 a - a +0 mace (weapon)
Armour
 b - a +0 leather armour (worn)
Scrolls
 e - a scroll of fear {unknown}
 f - 3 scrolls of immolation {unknown}
Books
 c - a book of Battle

   Spells                             Type                      Level
   a - Infusion                       Charms                       1
   b - Shroud of Golubria             Charms/Translocation         2
   c - Song of Slaying                Charms                       2
   d - Spectral Weapon                Hexes/Charms                 3
   e - Regeneration                   Charms/Necromancy            3
Comestibles
 d - a bread ration


   Skills:
 - Level 2.0 Fighting
 + Level 2.4 Maces & Flails
 - Level 0.7 Armour
 - Level 1.5 Dodging
 + Level 2.0 Stealth
 - Level 2.0 Spellcasting
 - Level 3.0 Charms


You had 4 spell levels left.
You knew the following spells:

 Your Spells              Type           Power        Failure   Level  Hunger
a - Infusion              Chrm           #...         10%         1    ##.....


Dungeon Overview and Level Annotations

Branches:
Dungeon (1/15)

Altars:


Innate Abilities, Weirdness & Mutations

You cannot wear boots.
Your serpentine skin is tough. (AC +0)
You have supernaturally acute eyesight. (SInv)
Armour fits poorly on your strangely shaped body.
Your system is resistant to poisons. (rPois)
You cover ground very slowly.
You have a slow metabolism.
You can spit poison.


Message History

You hit the kobold.
You kill the kobold!
You have reached level 2!
The kobold closely misses you.
Press: ? - help, Shift-Dir - straight line, f - dart slug
Aim: a dart slug The splash of poison hits the dart slug.
The dart slug is lightly wounded.
You feel slightly more hungry. The kobold barely misses you.
The dart slug barely misses you.
You hit the dart slug.
The dart slug is heavily wounded.
The kobold hits you with a dagger.
* * * LOW HITPOINT WARNING * * *
The dart slug barely misses you.
You sock the dart slug!
You kill the dart slug!
Your Stealth skill increases to level 2!
The kobold completely misses you. The kobold hits you with a dagger.
You die...

.#. #### # #.. #####....
.# ..# .......###. ..#
.#...#.... #)#
.#.....#.##
.######.####.###.#....##
.......†K............>..
#...@....##.##.....#.
#............#.##....
#.........#..#.##....
#####.....#.##.###...
#....##....###..#
#.#..##.####....#
####.#..##....#.##.#
###....#..##.##......#
##≈...≈.....#.######..#


You could see a kobold.

Vanquished Creatures
  A dart slug (D:1)
  2 hobgoblins (D:1)
  3 kobolds (D:1)
  2 rats (D:1)
  A toadstool (D:1)
9 creatures vanquished.

Vanquished Creatures (others)
  3 toadstools (D:1)
3 creatures vanquished.

Grand Total: 12 creatures vanquished

Notes
Turn   | Place    | Note
-------+----------+-------------------------------------------
     0 | D:1      | Zenonira the Naga Skald began the quest for the Orb.
     0 | D:1      | Reached XP level 1. HP: 19/19 MP: 3/3
    50 | D:1      | Reached skill level 1 in Stealth
   265 | D:1      | Reached XP level 2. HP: 4/26 MP: 5/5
   267 | D:1      | HP: 1/26 [kobold/dagger (3)]
   268 | D:1      | Slain by a kobold

Vault maps used:
D:1:      ldierk_water_garden, minmay_pentomino_r2

Skill      XL: |  1  2 |
---------------+-------+-----
Stealth        | 1 2 |  2.0
Fighting       | |  2.0
Maces & Flails | |  2.4
Armour         | |  0.7
Dodging        | |  1.5
Spellcasting   | |  2.0
Charms         | |  3.0

Action                   || total
-------------------------++-------
Melee: Mace              ||    14
 Abil: Spit Poison       ||     3
 Stab: Sleeping          ||     1
Armor: Leather armour    ||     2
Dodge: Dodged            ||    10

Table legend:
 A = Spawn XP
 B = Non-spawn XP
 C = Spawn XP percentage of total XP
 D = Spawn monster count
 E = Non-spawn monster count
 F = Spawn count percentage of total count
 G = Total turns spent on level
                    A         B        C        D         E        F      G
               +---------+---------+-------+---------+---------+-------+---------
         Total |       0 |      14 |   0.0 |       0 |       8 |   0.0 |   268
               +---------+---------+-------+---------+---------+-------+---------
           D:1 |       0 |      14 |   0.0 |       0 |       8 |   0.0 |   268
               +---------+---------+-------+---------+---------+-------+---------
